BR (22 & UNDER)
PUNTA CANA HUTIAS @ RANCHO CUCAMONGA SICK MONKEYS
08/08/2029
 
TOP OF THE 1ST
Punta Cana Hutias batting - Pitching for Rancho Cucamonga Sick Monkeys : LHP Keith O'Higgins
Pitching: LHP Keith O'Higgins
Batting: LHB Dave Watkins 0-0: Ball
1-0: Ground out U3 (Groundball, 34)
Batting: LHB Tony Ríos 0-0: Ball
1-0: Ball
2-0: Ball
3-0: Base on Balls
Batting: RHB Mike Martínez 0-0: Ball
1-0: Swinging Strike
1-1: Called Strike
1-2: Strikes out swinging
Batting: RHB Alfonso Huerta 0-0: Swinging Strike
0-1: Ball
1-1: Foul Ball, location: 2F
1-2: Ball
2-2: Foul Ball, location: 2F
2-2: Fly out, F4 (Line Drive, 4)
Top of the 1st over - 0 runs, 0 hits, 0 errors, 1 left on base; Punta Cana 0 - Rancho Cucamonga 0
BOTTOM OF THE 1ST
Rancho Cucamonga Sick Monkeys batting - Pitching for Punta Cana Hutias : RHP Jeff McIntosh
Pitching: RHP Jeff McIntosh
Batting: SHB Jimmy Mayer 0-0: Ball
1-0: Ground out 4-3 (Groundball, 4)
Batting: LHB Kevin Hatcher 0-0: Called Strike
0-1: Ball
1-1: Ball
2-1: Fly out, F9 (Flyball, 9LS)
Batting: LHB Terry Barton 0-0: Ground out 4-3 (Groundball, 4)
Bottom of the 1st over - 0 runs, 0 hits, 0 errors, 0 left on base; Punta Cana 0 - Rancho Cucamonga 0
TOP OF THE 2ND
Punta Cana Hutias batting - Pitching for Rancho Cucamonga Sick Monkeys : LHP Keith O'Higgins
Batting: LHB Luis García 0-0: Called Strike
0-1: Ball
1-1: Ball
2-1: Ground out 4-3 (Groundball, 4MD)
Batting: RHB Alfredo Bernard 0-0: Ball
1-0: Called Strike
1-1: Fly out, F9 (Flyball, 9LM)
Batting: LHB Harry Davis 0-0: Swinging Strike
0-1: Swinging Strike
0-2: Ball
1-2: Foul Ball, location: 2F
1-2: Ball
2-2: Strikes out swinging
Top of the 2nd over - 0 runs, 0 hits, 0 errors, 0 left on base; Punta Cana 0 - Rancho Cucamonga 0
BOTTOM OF THE 2ND
Rancho Cucamonga Sick Monkeys batting - Pitching for Punta Cana Hutias : RHP Jeff McIntosh
Batting: RHB Hank Brown 0-0: Foul Ball, location: 2F
0-1: Ground out 6-3 (Groundball, 6M)
Batting: RHB Aaron Adams 0-0: Ball
1-0: Foul Ball, location: 2F
1-1: Foul Ball, location: 2F
1-2: Ball
2-2: Foul Ball, location: 2F
2-2: Foul Ball, location: 2F
2-2: Ball
3-2: Foul Ball, location: 2F
3-2: Foul Ball, location: 2F
3-2: Base on Balls
Batting: SHB Paco Estrada 0-0: Ball
1-0: Foul Ball, location: 2F
1-1: Fly out, F8 (Flyball, 8LM)
Batting: RHB Marvin Montgomery 0-0: Ball
1-0: Foul Ball, location: 2F
1-1: Ground out 4-3 (Groundball, 34)
Bottom of the 2nd over - 0 runs, 0 hits, 0 errors, 1 left on base; Punta Cana 0 - Rancho Cucamonga 0
TOP OF THE 3RD
Punta Cana Hutias batting - Pitching for Rancho Cucamonga Sick Monkeys : LHP Keith O'Higgins
Batting: LHB Don MacNeill 0-0: Ball
1-0: Called Strike
1-1: SINGLE (Groundball, 34D)
Batting: LHB Jorge Ramírez 0-0: Foul Ball, location: 2F
0-1: Fielders Choice at 2nd, 4-6 (Groundball, 4M)
Batting: LHB Dave Watkins 0-0: Ball
1-0: Ball
2-0: Swinging Strike
2-1: Foul Ball, location: 2F
2-2: Strikes out swinging
Batting: LHB Tony Ríos 0-0: Ball
Jorge Ramírez is caught stealing 2nd base
Top of the 3rd over - 0 runs, 1 hit, 0 errors, 0 left on base; Punta Cana 0 - Rancho Cucamonga 0
BOTTOM OF THE 3RD
Rancho Cucamonga Sick Monkeys batting - Pitching for Punta Cana Hutias : RHP Jeff McIntosh
Batting: RHB Rod Zamora 0-0: Foul Ball, location: 2F
0-1: Swinging Strike
0-2: DOUBLE (Line Drive, 7LM)
Batting: RHB Mike Cooley 0-0: Fly out, F7 (Line Drive, 7S)
Batting: SHB Jimmy Mayer 0-0: Ball
1-0: Fly out, F8 (Flyball, 89D)
Batting: LHB Kevin Hatcher 0-0: SINGLE (Line Drive, 7LS)
Rod Zamora to third
Runner from 3rd tries for Home, SAFE, no throw
Batting: LHB Terry Barton 0-0: Called Strike
0-1: Fielders Choice at 2nd, 6-4 (Groundball, 6)
Bottom of the 3rd over - 1 run, 2 hits, 0 errors, 1 left on base; Punta Cana 0 - Rancho Cucamonga 1
TOP OF THE 4TH
Punta Cana Hutias batting - Pitching for Rancho Cucamonga Sick Monkeys : LHP Keith O'Higgins
Batting: LHB Tony Ríos 0-0: Called Strike
0-1: Foul Ball, location: 2F
0-2: Strikes out swinging
Batting: RHB Mike Martínez 0-0: Ball
1-0: Foul Ball, location: 2F
1-1: Called Strike
1-2: Ball
2-2: Ball
3-2: Foul Ball, location: 2F
3-2: Foul Ball, location: 2F
3-2: Fly out, F4 (Line Drive, 4M)
Batting: RHB Alfonso Huerta 0-0: Called Strike
0-1: Ball
1-1: Called Strike
1-2: Strikes out swinging
Top of the 4th over - 0 runs, 0 hits, 0 errors, 0 left on base; Punta Cana 0 - Rancho Cucamonga 1
BOTTOM OF THE 4TH
Rancho Cucamonga Sick Monkeys batting - Pitching for Punta Cana Hutias : RHP Jeff McIntosh
Batting: RHB Hank Brown 0-0: Ball
1-0: Called Strike
1-1: Ball
2-1: Foul Ball, location: 2F
2-2: Strikes out swinging
Batting: RHB Aaron Adams 0-0: Ball
1-0: Ground out 6-3 (Groundball, 6MS)
Batting: SHB Paco Estrada 0-0: Foul Ball, location: 2F
0-1: Foul Ball, location: 2F
0-2: Ball
1-2: Ball
2-2: Ball
3-2: SINGLE (Groundball, 6D)
Batting: RHB Marvin Montgomery 0-0: Called Strike
0-1: SINGLE (Line Drive, 8RS)
Paco Estrada to second
Runner from 2nd tries for 3rd, SAFE, no throw
Batting: RHB Rod Zamora 0-0: Called Strike
Marvin Montgomery is caught stealing 2nd base
Bottom of the 4th over - 0 runs, 2 hits, 0 errors, 1 left on base; Punta Cana 0 - Rancho Cucamonga 1
TOP OF THE 5TH
Punta Cana Hutias batting - Pitching for Rancho Cucamonga Sick Monkeys : LHP Keith O'Higgins
Batting: LHB Luis García 0-0: Fly out, F8 (Flyball, 89D)
Batting: RHB Alfredo Bernard 0-0: Ball
1-0: Foul Ball, location: 2F
1-1: Ball
2-1: Ball
3-1: Ground out 6-3 (Groundball, 6)
Batting: LHB Harry Davis 0-0: Fly out, F3 (Line Drive, 3L)
Top of the 5th over - 0 runs, 0 hits, 0 errors, 0 left on base; Punta Cana 0 - Rancho Cucamonga 1
BOTTOM OF THE 5TH
Rancho Cucamonga Sick Monkeys batting - Pitching for Punta Cana Hutias : RHP Jeff McIntosh
Batting: RHB Rod Zamora 0-0: Ground out 3-1 (Groundball, 34S)
Batting: RHB Mike Cooley 0-0: Ground out 6-3 (Groundball, 6)
Batting: SHB Jimmy Mayer 0-0: Ball
1-0: Foul Ball, location: 2F
1-1: Foul Ball, location: 2F
1-2: Ground out 3-1 (Groundball, 34)
Bottom of the 5th over - 0 runs, 0 hits, 0 errors, 0 left on base; Punta Cana 0 - Rancho Cucamonga 1
TOP OF THE 6TH
Punta Cana Hutias batting - Pitching for Rancho Cucamonga Sick Monkeys : LHP Keith O'Higgins
Batting: LHB Don MacNeill 0-0: Foul Ball, location: 2F
0-1: Swinging Strike
0-2: Strikes out swinging
Batting: LHB Jorge Ramírez 0-0: Swinging Strike
0-1: Swinging Strike
0-2: Ball
1-2: Foul Ball, location: 2F
1-2: Foul Ball, location: 2F
1-2: Ball
2-2: Strikes out swinging
Batting: LHB Dave Watkins 0-0: Ground out 6-3 (Groundball, 6)
Top of the 6th over - 0 runs, 0 hits, 0 errors, 0 left on base; Punta Cana 0 - Rancho Cucamonga 1
BOTTOM OF THE 6TH
Rancho Cucamonga Sick Monkeys batting - Pitching for Punta Cana Hutias : RHP Jeff McIntosh
Batting: LHB Kevin Hatcher 0-0: Ball
1-0: Called Strike
1-1: Foul Ball, location: 2F
1-2: SINGLE (Groundball, 34D)
Batting: LHB Terry Barton 0-0: Swinging Strike
0-1: Ground out 5-3 (Groundball, 5S)
Kevin Hatcher to second
Batting: RHB Hank Brown 0-0: Called Strike
0-1: Ball
1-1: Ball
2-1: Ball
3-1: Base on Balls
Batting: RHB Aaron Adams 0-0: Called Strike
Hank Brown is caught stealing 2nd base
0-1: Ground out 6-3 (Groundball, 6)
Bottom of the 6th over - 0 runs, 1 hit, 0 errors, 1 left on base; Punta Cana 0 - Rancho Cucamonga 1
TOP OF THE 7TH
Punta Cana Hutias batting - Pitching for Rancho Cucamonga Sick Monkeys : LHP Keith O'Higgins
Batting: LHB Tony Ríos 0-0: Called Strike
0-1: Ball
1-1: Ball
2-1: Called Strike
2-2: Foul Ball, location: 2F
2-2: Ground out 6-3 (Groundball, 6)
Batting: RHB Mike Martínez 0-0: Called Strike
0-1: Ball
1-1: Swinging Strike
1-2: Foul Ball, location: 2F
1-2: Ball
2-2: Ball
3-2: Ground out 4-3 (Groundball, 4)
Batting: RHB Alfonso Huerta 0-0: SINGLE (Groundball, 4M) (infield hit)
Batting: LHB Luis García 0-0: Ball
1-0: Called Strike
1-1: Ground out 1-3 (Groundball, 13)
Top of the 7th over - 0 runs, 1 hit, 0 errors, 1 left on base; Punta Cana 0 - Rancho Cucamonga 1
BOTTOM OF THE 7TH
Rancho Cucamonga Sick Monkeys batting - Pitching for Punta Cana Hutias : RHP Jeff McIntosh
Batting: SHB Paco Estrada 0-0: Ground out 4-3 (Groundball, 4D)
Batting: RHB Marvin Montgomery 0-0: Ball
1-0: Ball
2-0: Foul Ball, location: 2F
2-1: Swinging Strike
2-2: Foul Ball, location: 2F
2-2: Strikes out swinging
Batting: RHB Rod Zamora 0-0: Called Strike
0-1: Swinging Strike
0-2: Ball
1-2: Ball
2-2: Foul Ball, location: 2F
2-2: Ball
3-2: Foul Ball, location: 2F
3-2: Base on Balls
Pinch Hitting: LHB Ed Ballard 0-0: Called Strike
0-1: Foul Ball, location: 2F
0-2: Ball
1-2: Ball
2-2: Ball
3-2: SINGLE (Line Drive, 34)
Rod Zamora to second
Rod Zamora to third
Pinch Hitting: LHB Clarence Bowen 0-0: Swinging Strike
0-1: Foul Ball, location: 2F
0-2: Strikes out swinging
Bottom of the 7th over - 0 runs, 1 hit, 0 errors, 2 left on base; Punta Cana 0 - Rancho Cucamonga 1
TOP OF THE 8TH
Punta Cana Hutias batting - Pitching for Rancho Cucamonga Sick Monkeys : LHP Keith O'Higgins
Now at C: Mauro Flores
Now at SS: Clarence Bowen
Now in RF: Manny Holguín
Batting: RHB Alfredo Bernard 0-0: Ball
1-0: Called Strike
1-1: Called Strike
1-2: Foul Ball, location: 2F
1-2: Ground out 4-3 (Groundball, 34)
Batting: LHB Harry Davis 0-0: Ball
1-0: Ground out 6-3 (Groundball, 6)
Batting: LHB Don MacNeill 0-0: Ball
1-0: Foul Ball, location: 2F
1-1: Swinging Strike
1-2: Foul Ball, location: 2F
1-2: Ball
2-2: Ball
3-2: Strikes out swinging
Top of the 8th over - 0 runs, 0 hits, 0 errors, 0 left on base; Punta Cana 0 - Rancho Cucamonga 1
BOTTOM OF THE 8TH
Rancho Cucamonga Sick Monkeys batting - Pitching for Punta Cana Hutias : RHP Jeff McIntosh
Pitching: RHP Ed Castillo
Batting: LHB Kevin Hatcher 0-0: Ball
1-0: Ball
2-0: Fly out, F6 (Line Drive, 6)
Batting: LHB Terry Barton 0-0: Called Strike
0-1: Fly out, F8 (Flyball, 8LM)
Batting: RHB Hank Brown 0-0: Ball
1-0: Ball
2-0: Called Strike
2-1: Foul Ball, location: 2F
2-2: Strikes out looking
Bottom of the 8th over - 0 runs, 0 hits, 0 errors, 0 left on base; Punta Cana 0 - Rancho Cucamonga 1
TOP OF THE 9TH
Punta Cana Hutias batting - Pitching for Rancho Cucamonga Sick Monkeys : LHP Keith O'Higgins
Pitching: RHP Juan Muñóz
Pinch Hitting: RHB José Matos 0-0: Ball
1-0: Ball
2-0: Ground out 1-3 (Groundball, 13S)
Batting: LHB Dave Watkins 0-0: Called Strike
0-1: Ball
1-1: Called Strike
1-2: Strikes out swinging
Batting: LHB Tony Ríos 0-0: Ball
1-0: Swinging Strike
1-1: SINGLE (Groundball, 5D)
Pinch Runner at 1st Argaw Omitra:
Batting: RHB Mike Martínez 0-0: Ball
1-0: Foul Ball, location: 2F
1-1: Ball
2-1: SINGLE (Groundball, 34D)
Argaw Omitra to second
Runner from 2nd tries for 3rd, SAFE, no throw
Batting: RHB Alfonso Huerta 0-0: Ball
1-0: Foul Ball, location: 2F
1-1: Ball
2-1: Swinging Strike
2-2: Ball
3-2: Strikes out swinging
Top of the 9th over - 0 runs, 2 hits, 0 errors, 2 left on base; Punta Cana 0 - Rancho Cucamonga 1
Saturday, December 16th, 2017 - OOTP Baseball 18.8 Build 76